 Dungeon Crawl Stone Soup version 0.29.1-15-g9cfb28693d (webtiles) character file.

Game seed: 1943093857276558961

15019 EarthwalkerPL the Fighter (level 11, -2/104 HPs)
             Began as a Minotaur Fighter on Apr 9, 2023.
             Was a High Priest of Okawaru.
             Slain by a skeletal warrior
             ... wielding a +0 flail
              (23 damage)
             ... on level 13 of the Dungeon.
             The game lasted 00:21:39 (12448 turns).

EarthwalkerPL the Fighter (Minotaur Fighter)       Turns: 12448, Time: 00:21:40

Health: -2/104     AC: 16    Str: 27    XL:     11   Next: 96%
Magic:  10/10      EV: 13    Int:  5    God:    Okawaru [*****.]
Gold:   855        SH:  6    Dex: 16    Spells: 10/10 levels left

rFire   . . .      SeeInvis +   I - +11 hand axe of the Rat {elec, rElec rC+ Str+2 SInv}
rCold   + . .      Faith    .   c - +0 buckler
rNeg    . . .      Spirit   .   b - +0 scale mail
rPois   .          Reflect  .   O - +2 hat
rElec   +          Harm     .   u - +0 cloak
rCorr   .          Rampage  .   (no gloves)
Will    .....                   (no boots)
Stlth   ..........              K - amulet of the acrobat
HPRegen 0.27/turn               D - +4 ring of protection
MPRegen 0.12/turn               F - +6 ring of dexterity

@: no status effects
A: horns 2, retaliatory headbutt
a: Renounce Religion, Heroism, Finesse, Duel


You were on level 13 of the Dungeon.
You worshipped Okawaru.
Okawaru was extremely pleased with you.
You visited 2 branches of the dungeon, and saw 14 of its levels.

You collected 855 gold pieces.

Inventory:

Hand Weapons
 a - a +0 war axe
 I - the +11 hand axe of the Rat (weapon) {elec, rElec rC+ Str+2 SInv}
   (You found it on level 8 of the Dungeon)

   It occasionally discharges a powerful burst of electricity upon striking a
   foe.
   Str:       It affects your strength (+2).
   rC:        It protects you from cold.
   rElec:     It insulates you from electricity.
   SInv:      It lets you see invisible.
 L - a +0 battleaxe of flaming
Missiles
 j - 6 boomerangs (quivered)
 q - 29 poisoned darts
 r - 5 javelins
 s - 2 throwing nets
 E - a curare-tipped dart
 H - 6 datura-tipped darts
Armour
 b - a +0 scale mail (worn)
 c - a +0 buckler (worn)
 u - a +0 cloak (worn)
 O - a +2 hat (worn)
Jewellery
 w - a ring of magical power
 D - a +4 ring of protection (left hand)
 F - a +6 ring of dexterity (right hand)
 G - a +6 ring of dexterity
 K - an amulet of the acrobat (around neck)
 M - an amulet of guardian spirit
Wands
 J - a wand of paralysis (8)
 Q - a wand of light (1)
 R - a wand of iceblast (7)
Scrolls
 e - 2 scrolls of enchant weapon
 f - 4 scrolls of blinking {unknown}
 g - 2 scrolls of vulnerability
 l - 4 scrolls of teleportation {unknown}
 n - 2 scrolls of poison
 p - a scroll of torment
 v - 3 scrolls of noise
 y - 2 scrolls of butterflies {unknown}
 z - 3 scrolls of enchant armour {unknown}
 A - 3 scrolls of amnesia {unknown}
 B - a scroll of magic mapping {unknown}
 S - a scroll of fear {unknown}
Potions
 d - 2 potions of might
 h - 5 potions of mutation {unknown}
 i - 4 potions of heal wounds {unknown}
 k - 2 potions of haste {unknown}
 m - 2 potions of lignification {unknown}
 o - 8 potions of curing {unknown}
 x - 4 potions of invisibility {unknown}
 C - 4 potions of brilliance {unknown}
 N - a potion of cancellation {unknown}
 P - a potion of flight {unknown}
 T - a potion of attraction {unknown}


   Skills:
 * Level 12.1 Fighting
 * Level 11.7 Axes
 + Level 5.3 Throwing
 * Level 12.0 Armour
 + Level 5.8 Dodging
 + Level 9.0 Shields


You had 10 spell levels left.
You didn't know any spells.
Your spell library contained the following spells:

 Spells                   Type           Power      Damage    Failure   Level
 Beastly Appendage        Tmut           0%         N/A       77%         1
 Ensorcelled Hibernation  Hex/Ice        0%         N/A       88%         2
 Wereblood                Tmut           0%         N/A       88%         2
 Spider Form              Tmut/Pois      0%         N/A       98%         3
 Anguish                  Hex/Necr       0%         N/A       100%        4
 Summon Small Mammal      Summ           Unusable   N/A       N/A         1
 Call Canine Familiar     Summ           Unusable   N/A       N/A         3
 Summon Guardian Golem    Hex/Summ       Unusable   N/A       N/A         3

Dungeon Overview and Level Annotations

Branches:
Dungeon (13/15)            Temple (1/1) D:7            Lair (0/5) D:9
    Orc (0/2) D:12
 Vaults: D:13-14

Altars:
Ashenzari
Cheibriados
Dithmenos
Elyvilon
Fedhas
Gozag
Hepliaklqana
Kikubaaqudgha
Makhleb
Nemelex Xobeh
Okawaru
Qazlal
Ru
Sif Muna
Trog
Uskayaw
Vehumet
Wu Jian
Xom
Yredelemnul
Zin
The Shining One
Jiyva


Innate Abilities, Weirdness & Mutations

You have a pair of horns on your head.
You reflexively headbutt those who attack you in melee.


Message History

Okawaru accepts your kill.
You see here a +0 glaive.
R - a wand of iceblast (7) (gained 4 charges)
A skeletal warrior comes into view. It is wielding a +0 flail.
You see here 21 gold pieces.
You now have 855 gold pieces (gained 21).
You slash the skeletal warrior!
Your headbutt misses the skeletal warrior.
The skeletal warrior is lightly damaged.
The skeletal warrior hits you with a +0 flail!
* * * LOW HITPOINT WARNING * * *
You hit the skeletal warrior. You headbutt the skeletal warrior.
The skeletal warrior is moderately damaged.
The skeletal warrior closely misses you.
You furiously retaliate!
You headbutt the skeletal warrior, but do no damage.
You hit the skeletal warrior but do no damage.
You headbutt the skeletal warrior, but do no damage.
The skeletal warrior is moderately damaged.
You hit the skeletal warrior.
The skeletal warrior is moderately damaged.
The skeletal warrior hits you with a +0 flail.
* * * LOW HITPOINT WARNING * * *
You hit the skeletal warrior.
Your headbutt misses the skeletal warrior.
The skeletal warrior is moderately damaged.
The skeletal warrior hits you with a +0 flail.
* * * LOW HITPOINT WARNING * * *
You slash the skeletal warrior!
Your headbutt misses the skeletal warrior.
The skeletal warrior is heavily damaged.
You block the skeletal warrior's attack.
You hit the skeletal warrior but do no damage.
You headbutt the skeletal warrior, but do no damage.
The skeletal warrior is heavily damaged.
You slice the skeletal warrior!! You headbutt the skeletal warrior.
The skeletal warrior is severely damaged.
You hear the faint crackling of a distant melting archway.
The skeletal warrior hits you with a +0 flail!!
You die...

##########
####........#
#.....[.....#
#.<.........#
#^..........#
#...z@>.....#
#...........#
##.#........#
...#.....[..#
##..........†#
##.......))<#
......#######
.##..#.# #..#.


You could see a skeletal warrior.

Vanquished Creatures
  2 two-headed ogres
  Nergalle (D:12)
  A skeletal warrior (D:13)
  The ghost of engelados the Destroyer, a novice DgCj (D:8)
  An ugly thing (D:12)
  A cyclops (D:11)
  A manticore (D:11)
  2 gargoyles
  A komodo dragon (D:10)
  2 trolls
  A hornet (D:11)
  6 slime creatures
  11 yaks
  A human (D:12)
  2 vampires
  4 wyverns
  A steam dragon (D:10)
  A basilisk (D:13)
  Menkaure (D:7)
  An acid dragon (D:8)
  2 wargs (D:8)
  4 ice beasts
  6 orc warriors
  2 sky beasts
  5 ogres
  A centaur (D:8)
  2 kobold brigands
  4 bullfrogs
  A gnoll sergeant (D:11)
  A necrophage (D:6)
  6 scorpions
  32 killer bees
  4 howler monkeys
  6 hounds
  5 jellies
  6 orc priests
  A gnoll bouda (D:5)
  9 orc wizards
  19 gnolls
  6 adders
  A shadow imp (D:5)
  A white imp (D:8)
  3 worms
  6 dart slugs
  52 orcs
  8 bats
  4 endoplasms
  5 giant cockroaches
  3 goblins
  3 hobgoblins
  20 kobolds
  3 quokkas
  9 ball pythons
  3 frilled lizards (D:1)
  8 rats
293 creatures vanquished.

Vanquished Creatures (others)
  A human (D:13)
1 creature vanquished.

Grand Total: 294 creatures vanquished

Notes
Turn   | Place    | Note
-------+----------+-------------------------------------------
     0 | D:1      | EarthwalkerPL the Minotaur Fighter began the quest for the
                  | Orb.
     0 | D:1      | Reached XP level 1. HP: 19/19 MP: 0/0
    57 | D:1      | Reached XP level 2. HP: 23/27 MP: 1/1
   513 | D:1      | Reached XP level 3. HP: 31/33 MP: 2/2
  1073 | D:2      | Found a faded altar of an unknown god.
  1078 | D:2      | Found a shadowy altar of Dithmenos.
  1594 | D:3      | Reached XP level 4. HP: 41/41 MP: 3/3
  1835 | D:3      | Found a hide-covered altar of Uskayaw.
  1915 | D:3      | Reached XP level 5. HP: 38/47 MP: 4/4
  2248 | D:4      | Reached skill level 5 in Fighting
  2248 | D:4      | Reached skill level 5 in Armour
  2361 | D:4      | Reached XP level 6. HP: 54/56 MP: 5/5
  2405 | D:4      | Found a shadowy altar of Dithmenos.
  2811 | D:4      | Found a white marble altar of Elyvilon.
  2816 | D:4      | Reached skill level 5 in Axes
  2930 | D:5      | Entered Level 5 of the Dungeon
  3056 | D:5      | Reached XP level 7. HP: 63/63 MP: 6/6
  3210 | D:5      | Reached skill level 5 in Shields
  3991 | D:5      | Reached XP level 8. HP: 61/73 MP: 7/7
  4353 | D:5      | Found a shimmering blue altar of Sif Muna.
  5495 | D:7      | Noticed Menkaure
  5502 | D:7      | Killed Menkaure
  5503 | D:7      | Reached skill level 1 in Throwing
  5503 | D:7      | Reached skill level 1 in Dodging
  5629 | D:7      | Found a blossoming altar of Fedhas.
  5690 | D:7      | Found a staircase to the Ecumenical Temple.
  5696 | Temple   | Entered the Ecumenical Temple
  5703 | Temple   | Became a worshipper of Warmaster Okawaru
  5929 | D:7      | Reached XP level 9. HP: 72/82 MP: 8/8
  6238 | D:8      | Reached * piety under Okawaru
  6377 | D:8      | Found a runed translucent gate.
  6377 | D:8      | Found a runed translucent gate.
  6377 | D:8      | Found a runed translucent gate.
  6377 | D:8      | Noticed engelados's ghost (novice DgCj)
  6704 | D:8      | Found a bloodstained altar of Trog.
  6789 | D:8      | Found an opulent altar of Gozag.
  6833 | D:8      | Identified the +11 hand axe of the Rat {elec, rElec rC+
                  | Str+2 SInv}
  6856 | D:8      | Reached ** piety under Okawaru
  7392 | D:8      | Found a viscous altar of Jiyva.
  7520 | D:8      | Reached XP level 10. HP: 84/91 MP: 9/9
  7550 | D:8      | Killed engelados's ghost
  7550 | D:8      | Reached *** piety under Okawaru
  8001 | D:8      | Reached skill level 10 in Fighting
  8032 | D:8      | Reached skill level 10 in Armour
  8190 | D:9      | Reached **** piety under Okawaru
  8230 | D:9      | Found a staircase to the Lair.
  8333 | D:9      | Reached skill level 10 in Axes
  8496 | D:9      | Noticed an elephant
  8533 | D:9      | Received a gift from Okawaru
  8979 | D:10     | Entered Level 10 of the Dungeon
  9110 | D:10     | Reached XP level 11. HP: 101/101 MP: 10/10
  9379 | D:10     | Reached ***** piety under Okawaru
 10038 | D:10     | Noticed a two-headed ogre
 10081 | D:10     | Killed a two-headed ogre
 10082 | D:10     | Reached skill level 5 in Dodging
 10193 | D:10     | Identified the +5 mace of the Hand {spect, rC- Str+5}
 11376 | D:12     | Found a staircase to the Orcish Mines.
 11485 | D:12     | Noticed a two-headed ogre
 11502 | D:12     | Killed a two-headed ogre
 11502 | D:12     | Identified the +0 robe of the Sacrificial Victim {MP+9}
                  | (Okawaru gifted it to you on level 12 of the Dungeon)
 11502 | D:12     | Received a gift from Okawaru
 11734 | D:12     | Reached skill level 5 in Throwing
 11906 | D:12     | Noticed Nergalle
 11922 | D:12     | Killed Nergalle
 12164 | D:12     | Noticed a cyan ugly thing
 12182 | D:12     | Killed a cyan ugly thing
 12347 | D:13     | Noticed a vault guard
 12347 | D:13     | Noticed a vault guard
 12347 | D:13     | Noticed a vault guard
 12413 | D:13     | Noticed a skeletal warrior
 12430 | D:13     | Killed a skeletal warrior
 12437 | D:13     | Noticed a skeletal warrior
 12448 | D:13     | Slain by a skeletal warrior

Illustrated notes

Levels and vault maps discovered:
D:1:      eino_arrival_cavern_d, layout_basic, st_stairs_6,
          minmay_misc_feat_square
D:2:      layout_loops_cross, basic_ecumenical_altar, basic_altar
D:3:      layout_rooms, mainiacjoe_overflow_paths
D:4:      layout_rooms, nicolae_elyvilon_temple_path,
          mainiacjoe_overflow_cross_hatched
D:5:      layout_basic, led_sif_pool
D:6:      layout_rooms, item_on_display_a
D:7:      layout_basic, fedhas_ov_isle_minmay, minmay_temple_entry_fiery,
          abandoned_shop, uniq_menkaure
D:8:      layout_rooms, marbit_many_paths, nicolae_gozag_seed_capital,
          gammafunk_ghost_ooze
D:9:      wad_woods_minihive, layout_rooms, erik_lair_orcish_takeover,
          minmay_misc_feat_chi
D:10:     layout_loops_corners, special_room [special_room_orc]
D:11:     layout_rooms
D:12:     layout_irregular_city, orc_0_dummy, eino_tiny_chamber,
          grunt_decor_cap, uniq_nergalle
D:13:     layout_rooms, ximxim_vaults_locker_room,
          portal_ice_cave_entry_ice_simulacra, uniq_kirke
Temple:   nicolae_temple_no_exploring_needed

Skill      XL: |  1  2  3  4  5  6  7  8  9 10 11 |
---------------+----------------------------------+-----
Armour         | 4 5 6 7 8 9 10 12 | 12.0
Fighting       | 4 5 6 7 8 9 10 12 | 12.1
Axes           | 3 4 5 6 7 9 10 11 | 11.7
Shields        | 4 5 6 7 8 9 |  9.0
Throwing       | 1 2 4 5 |  5.3
Dodging        | 1 3 4 5 |  5.8

Action                   |  1- 3 |  4- 6 |  7- 9 | 10-12 || total
-------------------------+-------+-------+-------+-------++-------
Melee: War axe           |    88 |    84 |   208 |       ||   380
       Headbutt          |    13 |     9 |    38 |    60 ||   120
       Hand axe          |       |       |    33 |   302 ||   335
Throw: Boomerang         |       |       |    27 |    42 ||    69
       Dart              |       |       |       |    10 ||    10
  Use: Scroll            |       |       |       |     5 ||     5
Armor: Scale mail        |    44 |    40 |    92 |   101 ||   277
Dodge: Dodged            |    33 |    53 |    88 |   135 ||   309
Block: Buckler           |    27 |    17 |    53 |    69 ||   166
